Map: Dead of Night

Players

monk

  • Race: Zerg Zerg

sTkmonk

  • Race: Terran Terran
  • Spawn Location: 0:00

VOD

Have the link to the VOD?

Description

Time

  • Played on: July 12, 2017, 5:39 p.m.
  • Length: 18:24
Show
View Real Time Build Order
Export as new Build Order

monk Zerg 

Build Orders:  

Get SALT Encoding   

  12  0:03  Infested SCV  
  13  0:13  Infested SCV  
  14  0:26  Infested SCV  
  14  0:29  Infested Colonist Compound  
  15  0:35  Overlord  
  15  1:04  Infested SCV x2  
  15  1:05  Infested SCV  
  18  1:21  Infested SCV  
  19  1:39  Infested SCV  
  20  1:45  Infested Refinery  
  20  1:52  Infested Barracks  
  20  1:54  Infested SCV  
  21  2:11  Infested SCV  
  22  2:25  Overlord  
  22  2:42  Infested SCV  
  23  2:56  Infested Bunker  
  23  2:58  Overlord  
  27  3:06  Infested Bunker, Infested Refinery  
  31  3:22  Anaerobic Enhancement  
  31  3:25  Infested SCV  
  32  3:31  Infested SCV  
  33  3:49  Infested SCV  
  34  3:55  Infested Engineering Bay  
  34  4:02  Overlord  
  34  4:18  Infested Refinery  
  34  4:26  Infested SCV  
  34  4:29  Infestation Level 1  
  35  4:33  Infested SCV  
  36  4:47  Stukov Infantry Weapons Level 1  
  36  4:50  Infested SCV  
  37  5:02  Infested Factory  
  37  5:05  Infested SCV  
  38  5:21  Infested SCV  
  39  5:41  Overlord  
  39  5:54  Infested Bunker  
  43  6:14  Infested Armory  
  43  6:23  Infested Engineering Bay  
  43  6:29  Broodling Gestation  
  43  6:33  Infested Bunker  
  47  6:44  Infested SCV x3  
  50  6:52  Infested SCV  
  51  7:02  Regenerative Plating  
  51  7:07  Infested SCV  
  52  7:10  Infested Barracks Tech Lab, Infested Barracks  
  52  7:17  Infested SCV  
  53  7:23  Stukov Vehicle and Ship Weapons Level 1  
  53  7:28  Aggressive Incubation  
  53  7:54  Stukov Infantry Weapons Level 2  
  53  8:02  Calcified Armor  
  53  8:10  Infestation Level 2  
  53  8:21  Plagued Munitions  
  53  8:27  Overlord  
  53  9:00  Pneumatized Carapace  
  53  9:10  Infested Starport  
  53  9:18  Infested SCV  
  58  9:43  Infested Bunker  
  58  9:48  Infested Bunker  
  62  9:51  Retinal Augmentation  
  62  10:03  Stukov Vehicle and Ship Weapons Level 2  
  62  10:04  Overseer  
  62  10:15  Infested Bunker  
  62  10:28  Overlord x3  
  62  10:32  Infestation Level 3  
  62  10:38  Infested Bunker  
  62  10:57  Infested Bunker  
  62  11:09  Infested Bunker  
  66  11:21  Infested Bunker  
  66  11:23  Infested Bunker x2  
  66  11:26  Stukov Infantry Weapons Level 3  
  66  11:36  Infested Bunker x2  
  70  11:40  Infested Factory Tech Lab, Infested Factory  
  70  11:51  Infested Bunker  
  70  11:54  Infested Bunker  
  70  12:05  Acidic Enzymes  
  70  12:07  Overlord x2  
  70  12:20  Overlord  
  70  12:40  Infested Bunker  
  70  12:45  Infested Bunker  
  70  12:46  Infested Bunker  
  78  12:55  Infested Barracks  
  78  12:58  Overlord, Infested Bunker  
  78  13:00  Infested Bunker  
  78  13:09  Infested Bunker  
  78  13:18  Infested Siege Tank  
  81  13:28  Infested Bunker  
  85  13:35  Automated Mitosis  
  85  13:38  Infested Bunker, Overseer x2  
  85  13:54  Infested Bunker  
  85  14:00  Overlord  
  85  14:02  Infested Siege Tank x2  
  91  14:42  Infested Siege Tank x3  
  100  15:02  Overlord  
  100  15:05  Infested Siege Tank  
  103  15:46  Infested Siege Tank x2  
  103  15:47  Infested Siege Tank  
  107  16:07  Infested Siege Tank  
  107  16:08  Infested Siege Tank  
  111  16:15  Overseer x2  
  108  16:44  Infested Siege Tank x2  
  114  16:55  Overlord  
Show
View Real Time Build Order
Export as new Build Order

sTkmonk Terran 

Build Orders:  

Get SALT Encoding   

Tags
 
Commander
RaynorStukov
Matchup
Co-op
Replay Pack
Co-op Speedrun
Add a new tag
Caveats
  • Supply blocks, unpowered buildings, or Contaminate may cause inaccurate times.
  • Supply counts are checked every 10 seconds.